AoeStats
← Kaii

African Clearing

510280652Analyzed
4v4 RM · 2d ago on Sep 30, 2026· 36m 3s· 8 players
Game mode
Random Map
Map size
Large (8 player)
Population
200
Speed
Normal
Resources
Standard
Victory
Conquest
Starting age
Dark Age
Ending age
Imperial Age
RankedLock teamsTeams togetherTeam positionsShared explorationLock speedFull tech treeHidden civsTurbo modeCheats
Victory
Defeat
🇹🇷 Khitans · Türkiye
1353
+11
🇹🇷 Koreans · Türkiye
1254
+15
🇳🇱 Franks · Netherlands
1207
+16
🇵🇱 Spanish · Poland
1194
+16
🇨🇳 Britons · China
1237
-15
🇻🇳 Saracens · Vietnam
1236
-15
🇦🇺 Khmer · Australia
1217
-14
🇨🇳 Ethiopians · China
1201
-14
halong1301
5:21 Loom
你好骚啊
12:45 Feudal Age
16:41 Castle Age
15:35 Double-Bit Axe
18:15 Fletching
18:58 Loom
23:53 Bodkin Arrow
25:26 Padded Archer Armor
28:21 Ballistics
30:24 Leather Archer Armor
35:56 Wheelbarrow
OB
7:16 Loom
330609350
3:44 Loom
13:01 Feudal Age
prsdntsdghtr
12:39 Loom
15:07 Feudal Age
21:12 Castle Age
19:45 Double-Bit Axe
21:43 Wheelbarrow
21:14 Scale Mail Armor
21:21 Scale Barding Armor
22:45 Bow Saw
23:13 Wheelbarrow
23:35 Husbandry
25:42 Gold Mining
27:53 Forging
30:56 Iron Casting
30:42 Chain Barding Armor
34:18 Gold Shaft Mining
35:05 Hand Cart
39:05 Imperial Age
Kaii
7:34 Loom
14:12 Feudal Age
15:31 Double-Bit Axe
17:31 Forging
17:29 Scale Barding Armor
19:18 Domestication
23:09 Wheelbarrow
26:22 Castle Age
27:40 Iron Casting
27:25 Chain Barding Armor
26:28 Light Cavalry
27:08 Husbandry
27:22 Pastoralism
27:39 Bow Saw
30:49 Town Watch
31:48 Town Patrol
36:54 Hand Cart
vitoldd
5:19 Loom
13:26 Feudal Age
14:12 Double-Bit Axe
14:10 Horse Collar
16:22 Town Watch
21:07 Castle Age
20:01 Scale Barding Armor
20:46 Forging
21:18 Bloodlines
22:24 Chain Barding Armor
22:44 Bow Saw
24:29 Husbandry
25:11 Heavy Plow
26:16 Iron Casting
35:38 Imperial Age
Günyüzü
8:54 Loom
11:39 Feudal Age
12:23 Double-Bit Axe
12:29 Gold Mining
14:02 Fletching
19:06 Horse Collar
22:51 Castle Age
22:48 Wheelbarrow
22:55 Crossbowman
23:31 Bodkin Arrow
24:19 Bow Saw
26:22 Heavy Plow
33:31 Gold Shaft Mining
Connection lost

Rejoining the realm…

Still unreachable

The connection could not be restored.

Session expired

The server has moved on; the page needs a fresh start.